 Dungeon Crawl Stone Soup version 0.31-a0-1405-g2bb1a01664 (webtiles) character file.

Game seed: 9020487888649059556

315 jasper the Trooper (level 6, 0/42 (51) HPs)
             Began as a Demonspawn Cinder Acolyte on Dec 25, 2023.
             Was an Elder of Ignis.
             Slain by a wight
             ... wielding a +3 trident
              (3 damage)
             ... on level 4 of the Dungeon.
             The game lasted 00:05:05 (3031 turns).

jasper the Trooper (Demonspawn Cinder Acolyte)      Turns: 3031, Time: 00:05:05

HP:   0/42 (51)     AC: 13    Str: 16    XL:     6   Next: 19%
MP:   7/7           EV: 10    Int: 14    God:    Ignis [****..]
Gold: 176           SH:  0    Dex:  9    Spells: 7/7 levels left

rFire   + . .        a - -1 hand axe (flame)
rCold   . . .        (no shield)
rNeg    . . .        h - +1 ring mail
rPois   .            (helmet restricted)
rElec   .            (no cloak)
rCorr   .            (no gloves)
SInv    +            (no boots)
Will    .....        (no amulet) Stlth
                     p - ring of see invisible
HPRegen 0.27/turn    (no ring)
MPRegen 0.10/turn

%: no passive effects
@: fiery-armoured, heavily drained
A: claws 1, horns 1, foul stench 2
a: Renounce Religion, Fiery Armour, Foxfire Swarm, Rising Flame


You were on level 4 of the Dungeon.
You worshipped Ignis.
Ignis was greatly pleased with you.
You visited 1 branch of the dungeon, and saw 4 of its levels.

You collected 176 gold pieces.

Inventory:

Hand Weapons
 a - a -1 hand axe of flaming (weapon)
 d - a +0 dagger
 e - a +0 club
 j - a +1 short sword of speed
Missiles
 c - 37 stones
Armour
 b - a +0 robe
 h - a +1 ring mail (worn)
 k - a +0 helmet
 o - a +0 scale mail
Jewellery
 p - a ring of see invisible (left claw)
 r - a ring of magical power
Scrolls
 f - 2 scrolls of identify
 m - 5 scrolls of teleportation {unknown}
 n - 2 scrolls of immolation
Potions
 i - a potion of might
 l - a potion of magic
 q - a potion of mutation {unknown}
 s - a potion of brilliance {unknown}


   Skills:
 + Level 5.4 Fighting
 - Level 2.6 Axes
 - Level 2.1 Armour
 + Level 1.5 Dodging
 * Level 2.2 Unarmed Combat
 - Level 1.0 Spellcasting
 - Level 2.6 Fire Magic


You had 7 spell levels left.
You didn't know any spells.
Your spell library contained the following spells:

 Spells                   Type           Power      Damage    Failure   Level
 Scorch                   Fire           16%        2d5       24%         2
 Magic Dart               Conj           0%         1d3       43%         1
 Blink                    Tloc           0%         N/A       58%         2
 Call Imp                 Summ           0%         N/A       58%         2
 Lesser Beckoning         Tloc           0%         N/A       58%         2
 Momentum Strike          Conj/Tloc      0%         3d8       58%         2
 Gell's Gravitas          Tloc           0%         N/A       82%         3
 Teleport Other           Tloc           0%         N/A       82%         3


Dungeon Overview and Level Annotations

Branches:
Dungeon (4/15)
 Temple: D:4-7

Altars:
Ashenzari
Makhleb
Nemelex Xobeh
Vehumet
Wu Jian

Shops:
D:3 [


Innate Abilities, Weirdness & Mutations

You have sharp fingernails.
You have a pair of small horns on your head.
You sometimes emit foul miasma when damaged in melee.


Message History

The wight is severely damaged.
You closely miss the wight. The wight barely misses you. x2
The wight hits you with a +0 halberd!
* * * LOW HITPOINT WARNING * * *
You feel drained.
* * * LOW HITPOINT WARNING * * *
The wight is burned by your cloak of flames.
You destroy the wight!
The wight barely misses you.
You take 12 damage, and have 2/46 hp.
MASSIVE DAMAGE!!
You feel better. The wight hits you with a +3 trident.
* * * LOW HITPOINT WARNING * * *
You feel drained.
* * * LOW HITPOINT WARNING * * *
The wight is burned by your cloak of flames.
The wight is almost destroyed.
You regained 3 hp, and now have 5/45 hp.
You feel better.
Your fiery armour burns out.
The wight hits you with a +3 trident!
* * * LOW HITPOINT WARNING * * *
You feel drained.
* * * LOW HITPOINT WARNING * * *
You take 4 damage, and have 1/43 hp.
You feel better. The wight closely misses you.
You regained 7 hp, and now have 8/43 hp.
You hit the wight but do no damage.
The wight is almost destroyed.
The wight closely misses you.
You hit the wight but do no damage. Your headbutt misses the wight.
You claw the wight, but do no damage.
The wight is almost destroyed.
The wight hits you with a +3 trident.
* * * LOW HITPOINT WARNING * * *
You feel drained.
* * * LOW HITPOINT WARNING * * *
You take 5 damage, and have 3/42 hp.
A protective cloak of flame settles atop you.
The wight hits you with a +3 trident.
You die...

##...# ### #####
######....
#..###...###....#...#
#...................##
#...................#
#......##...........#
.....#@z###..........##
.... #.)..##.....)....#
... .....#...........#
.. .#....#............
. ....................
#. ...............†..
#...................# .
..##...............
##.?......#.#...


You could see a wight.

Vanquished Creatures
  2 wights (D:4)
  An iguana (D:4)
  Natasha (twice) (D:2)
  An orc wizard (D:3)
  3 adders
  A worm (D:3)
  2 dart slugs
  7 orcs
  2 ball pythons
  5 endoplasms
  6 giant cockroaches
  6 hobgoblins
  6 quokkas
  3 bats
  6 frilled lizards
  7 goblins
  11 kobolds
  8 rats
79 creatures vanquished.

Notes
Turn   | Place    | Note
-------+----------+-------------------------------------------
     0 | D:1      | jasper the Demonspawn Cinder Acolyte began the quest for
                  | the Orb.
     0 | D:1      | Reached XP level 1. HP: 18/18 MP: 2/2
   332 | D:1      | Gained mutation: You may rarely emit foul miasma when
                  | damaged in melee. [demonic ancestry]
   332 | D:1      | Reached XP level 2. HP: 20/24 MP: 3/3
   744 | D:1      | Reached skill level 4 in Fighting
  1019 | D:2      | Reached XP level 3. HP: 30/30 MP: 4/4
  1433 | D:2      | Noticed Natasha
  1445 | D:2      | Killed Natasha
  1446 | D:2      | Reached skill level 1 in Armour
  1446 | D:2      | Gained mutation: You sometimes emit foul miasma when
                  | damaged in melee. [demonic ancestry]
  1446 | D:2      | Reached XP level 4. HP: 21/38 MP: 5/5
  1613 | D:2      | Noticed Natasha
  1621 | D:2      | Killed Natasha
  1792 | D:3      | Found a broken altar of Ashenzari.
  1839 | D:3      | Reached skill level 5 in Fighting
  1974 | D:3      | Found Jaumna Oseurgh's Antique Armour Shoppe.
  1992 | D:3      | Discovered your monstrous ancestry.
  1992 | D:3      | Gained mutation: You have sharp fingernails. [demonic
                  | ancestry]
  1992 | D:3      | Reached XP level 5. HP: 43/44 MP: 6/6
  2174 | D:3      | Found a burning altar of Makhleb.
  2316 | D:3      | Found a sparkling altar of Nemelex Xobeh.
  2476 | D:3      | Found an ornate altar of the Wu Jian Council.
  2698 | D:4      | Found a radiant altar of Vehumet.
  2707 | D:4      | Reached skill level 1 in Unarmed Combat
  2718 | D:4      | Reached skill level 1 in Dodging
  3022 | D:4      | Gained mutation: You have a pair of small horns on your
                  | head. [demonic ancestry]
  3022 | D:4      | Reached XP level 6. HP: 31/48 MP: 7/7
  3025 | D:4      | HP: 2/42 [wight/+0 halberd (4)]
  3031 | D:4      | Slain by a wight

Illustrated notes

Levels and vault maps discovered:
D:1:      scummos_arrival_hexagon, layout_basic, columned_hall_lemuel
D:2:      layout_rooms, serial_bayou, serial_bayou_shore_a, serial_bayou_ford_a,
          serial_bayou_pond_d, serial_bayou_pond_c, uniq_natasha
D:3:      layout_basic, old_standard_altar, lemuel_tele_altar,
          nicolae_wu_jian_immortal_techniques, mainiacjoe_overflow_chevrons,
          serial_shops, nicolae_shop_overgrown_old_shop,
          minmay_stone_trees_medium
D:4:      layout_cave_pools, minmay_ruined_shrine

Skill      XL: |  1  2  3  4  5 |
---------------+----------------+-----
Fighting       | 4 5 |  5.4
Armour         | 1 2 |  2.1
Unarmed Combat | 2 |  2.2
Dodging        | 1 |  1.5
Axes           | |  2.6
Spellcasting   | |  1.0
Fire Magic     | |  2.6

Action                     |  1- 3 |  4- 6 || total
---------------------------+-------+-------++-------
  Melee: Hand axe          |   146 |   122 ||   268
         Punch             |     1 |     2 ||     3
 Invoke: Fiery Armour      |     3 |     2 ||     5
    Use: Scroll            |     6 |       ||     6
         Potion            |       |     3 ||     3
   Stab: Sleeping          |     1 |       ||     1
 Armour: Robe              |    60 |       ||    60
         Ring mail         |    36 |   116 ||   152
  Dodge: Dodged            |    92 |    60 ||   152

Table legend: (Time is in decaauts)
 A = Elapsed time spent in this place.
 B = Non-inter-level travel time spent in this place.
 C = Inter-level travel time spent in this place.
 D = Time resting spent in this place.
 E = Time spent auto-exploring this place.
 F = Levels seen in this place.
 G = Mean time per level.
                   A        B        C        D        E       F      G
               +--------+--------+--------+--------+--------+-----+--------+
         Total |   3106 |   3068 |     38 |    253 |   1918 |   4 |  776.5 |
       Dungeon |   3106 |   3068 |     38 |    253 |   1918 |   4 |  776.5 |
               +--------+--------+--------+--------+--------+-----+--------+

Top non-repeatable levels by time:
     D:1: 1015 daAuts
     D:3: 1005 daAuts
     D:2: 687 daAuts
     D:4: 398 daAuts
